[Event "Czech Youth U12 Boys 2024"]
[Site "Kouty nad Desnou"]
[Date "2024.03.09"]
[Round "1.1"]
[White "Lutskiy, Mikhail"]
[Black "Bartak, Tobias"]
[Result "1-0"]
[ECO "C42"]
[WhiteElo "1676"]
[BlackElo "1545"]
[Annotator "NA RC"]
[PlyCount "95"]
[EventDate "2024.03.10"]
[EventType "swiss"]
[EventRounds "9"]
[EventCountry "CZE"]
[SourceTitle "playchess.com"]
[Source "ChessBase"]
[SourceQuality "1"]
[TimeControl "40/5400+30:1800+30"]

1. e4 e5 2. Nf3 Nf6 3. Nc3 Bb4 4. Bc4 d6 5. d3 O-O 6. O-O h6 7. h3 Be6 8. Bb3 Nbd7 9. Be3 Nc5 10. a3 Nxb3 11. cxb3 Ba5 12. Nd2 c6 13. f4 Bb6 14. Bxb6 Qxb6+ 15. Kh1 Rfd8 16. Rb1 exf4 17. Rxf4 Qd4 18. Qe2 Qe5 19. Qf2 d5 20. d4 Qg5 21. e5 Nh7 22. Rf1 Rd7 23. b4 Rf8 24. Nb3 b6 25. b5 c5 26. dxc5 d4 27. Nxd4 Qxe5 28. Nxe6 Qxe6 29. c6 Re7 30. Re4 Qd6 31. Rxe7 Qxe7 32. Rd1 Ng5 33. Rd7 Qe6 34. Rxa7 Ne4 35. Nxe4 Qxe4 36. c7 Qe6 37. Rb7 Qc8 38. Qxb6 Qe8 39. Rb8 Qe1+ 40. Qg1 Qe6 41. Rxf8+ Kxf8 42. Qc5+ Qd6 43. Qxd6+ Kg8 44. c8=Q+ Kh7 45. Qcf8 f6 46. Qf7 h5 47. Qdxf6 h4 48. Q6xg7# 1-0

[Event "Czech Youth U12 Boys 2024"]
[Site "Kouty nad Desnou"]
[Date "2024.03.09"]
[Round "1.2"]
[White "Menkov, Ivan"]
[Black "Bukovskij, Dmitri"]
[Result "1/2-1/2"]
[ECO "B40"]
[WhiteElo "1524"]
[BlackElo "1665"]
[Annotator "NA RC"]
[PlyCount "66"]
[EventDate "2024.03.10"]
[EventType "swiss"]
[EventRounds "9"]
[EventCountry "CZE"]
[SourceTitle "playchess.com"]
[Source "ChessBase"]
[SourceQuality "1"]
[TimeControl "40/5400+30:1800+30"]

1. e4 c5 2. Nf3 e6 3. b3 b6 4. Bb2 Bb7 5. Nc3 Nf6 6. e5 Nd5 7. Nxd5 Bxd5 8. c4 Bb7 9. d4 cxd4 10. Nxd4 Bb4+ 11. Ke2 O-O 12. a3 Bc5 13. Ke1 Qh4 14. Qd3 Nc6 15. Rd1 Bxd4 16. Bxd4 Nxd4 17. Qxd4 Qxd4 18. Rxd4 Rfd8 19. Rg1 Rac8 20. f4 d6 21. exd6 Rc6 22. g4 Rcxd6 23. Rxd6 Rxd6 24. Bg2 Bxg2 25. Rxg2 Kf8 26. Ke2 Ke7 27. Ke3 Rd1 28. Rg3 Ra1 29. a4 g6 30. Kd4 Kd6 31. Rd3 f6 32. Kc3+ Kc6 33. Re3 Kd6 1/2-1/2

[Event "Czech Youth U12 Boys 2024"]
[Site "Kouty nad Desnou"]
[Date "2024.03.09"]
[Round "1.3"]
[White "Trejbal, Jindrich"]
[Black "Hlavacek, Pavel"]
[Result "1-0"]
[ECO "B13"]
[WhiteElo "1947"]
[BlackElo "1945"]
[Annotator "RC"]
[PlyCount "49"]
[EventDate "2024.03.10"]
[EventType "swiss"]
[EventRounds "9"]
[EventCountry "CZE"]
[SourceTitle "playchess.com"]
[Source "ChessBase"]
[SourceQuality "1"]
[TimeControl "40/5400+30:1800+30"]

1. e4 c6 2. d4 d5 3. exd5 cxd5 4. Bd3 Nc6 5. c3 Qc7 6. h3 Nf6 7. Nf3 e6 8. O-O Bd6 9. Re1 O-O 10. Nbd2 Bd7 11. Nb3 Rab8 12. Qe2 Rfc8 13. Bg5 a6 14. Ne5 Bxe5 15. dxe5 Ne8 16. f4 f6 17. exf6 Nxf6 18. Bxf6 gxf6 19. Qg4+ Kf7 20. Bxh7 e5 21. Qg6+ Ke7 22. Qg7+ Ke6 23. f5+ Kd6 24. Qxf6+ Be6 25. Qxe6# 1-0

[Event "Czech Youth U12 Boys 2024"]
[Site "Kouty nad Desnou"]
[Date "2024.03.09"]
[Round "1.4"]
[White "Hroch, Pavel"]
[Black "Vo, Daniel"]
[Result "0-1"]
[ECO "B92"]
[WhiteElo "1495"]
[BlackElo "1629"]
[Annotator "NA RC"]
[PlyCount "82"]
[EventDate "2024.03.10"]
[EventType "swiss"]
[EventRounds "9"]
[EventCountry "CZE"]
[SourceTitle "playchess.com"]
[Source "ChessBase"]
[SourceQuality "1"]
[TimeControl "40/5400+30:1800+30"]

1. e4 c5 2. Nf3 d6 3. d4 cxd4 4. Nxd4 Nf6 5. Nc3 a6 6. Be2 e5 7. Nb3 Be6 8. Be3 Be7 9. O-O O-O 10. Qd2 Nc6 11. f4 b5 12. a3 Bg4 13. Bf3 exf4 14. Bxf4 Ne5 15. Bxe5 dxe5 16. Bxg4 Qxd2 17. Nxd2 Nxg4 18. Nd5 Bc5+ 19. Kh1 Nf2+ 20. Rxf2 Bxf2 21. Rf1 Ba7 22. Rf5 f6 23. Ne7+ Kf7 24. Nd5 Rac8 25. c3 Ke6 26. b3 Rfd8 27. Rh5 h6 28. h3 Be3 29. Nf1 Bg5 30. Rxg5 hxg5 31. Nfe3 g6 32. c4 bxc4 33. bxc4 f5 34. exf5+ gxf5 35. Nb6 Rc6 36. Na4 Rd3 37. Nf1 Rd1 38. Kg1 Rxc4 39. Nb2 Rcc1 40. Nxd1 Rxd1 41. Kf2 Ra1 0-1

[Event "Czech Youth U12 Boys 2024"]
[Site "Kouty nad Desnou"]
[Date "2024.03.09"]
[Round "1.5"]
[White "Cerny, Ren"]
[Black "Strihavka, Petr"]
[Result "0-1"]
[ECO "C28"]
[WhiteElo "1623"]
[BlackElo "1447"]
[Annotator "NA RC"]
[PlyCount "52"]
[EventDate "2024.03.10"]
[EventType "swiss"]
[EventRounds "9"]
[EventCountry "CZE"]
[SourceTitle "playchess.com"]
[Source "ChessBase"]
[SourceQuality "1"]
[TimeControl "40/5400+30:1800+30"]

1. e4 e5 2. Nc3 Nf6 3. Bc4 Nc6 4. d3 d6 5. f4 Be7 6. Nf3 O-O 7. O-O Bg4 8. h3 Be6 9. Bb3 h6 10. f5 Bxb3 11. axb3 a6 12. Qe1 Nh5 13. Nd5 Rc8 14. Qf2 Nf6 15. Nxf6+ Bxf6 16. Qg3 Kh7 17. Nd2 Nd4 18. Qg4 Nxc2 19. Rf3 Nxa1 20. Rg3 Nc2 21. Nf3 Nd4 22. Nxd4 exd4 23. h4 Rg8 24. Qh5 Bxh4 25. Rg4 Bf6 26. Qxf7 Qe8 0-1

[Event "Czech Youth U12 Boys 2024"]
[Site "Kouty nad Desnou"]
[Date "2024.03.09"]
[Round "1.6"]
[White "Rybar, Vojta"]
[Black "Bucek, Vit"]
[Result "0-1"]
[ECO "B40"]
[WhiteElo "1435"]
[BlackElo "1603"]
[Annotator "NA RC"]
[PlyCount "52"]
[EventDate "2024.03.10"]
[EventType "swiss"]
[EventRounds "9"]
[EventCountry "CZE"]
[SourceTitle "playchess.com"]
[Source "ChessBase"]
[SourceQuality "1"]
[TimeControl "40/5400+30:1800+30"]

1. e4 c5 2. Nf3 e6 3. d4 cxd4 4. Nxd4 Nf6 5. Nc3 Nc6 6. Be3 Bb4 7. Bd3 d5 8. f3 O-O 9. O-O Qb6 10. Na4 Qc7 11. a3 Bd6 12. h3 a6 13. Nb3 b5 14. Nac5 d4 15. Bf2 Qb6 16. e5 Bxe5 17. Ne4 Bb7 18. c3 Nxe4 19. Bxe4 Qc7 20. Qc2 dxc3 21. bxc3 f5 22. Bd3 b4 23. Bc5 Bxc3 24. Bxf8 Bxa1 25. Rxa1 Rxf8 26. Nd4 Qb6 0-1

[Event "Czech Youth U12 Boys 2024"]
[Site "Kouty nad Desnou"]
[Date "2024.03.09"]
[Round "1.7"]
[White "Fadrny, Jonas"]
[Black "Kobersky, Matyas"]
[Result "0-1"]
[ECO "B93"]
[WhiteElo "1600"]
[BlackElo "1405"]
[Annotator "NA RC"]
[PlyCount "48"]
[EventDate "2024.03.10"]
[EventType "swiss"]
[EventRounds "9"]
[EventCountry "CZE"]
[SourceTitle "playchess.com"]
[Source "ChessBase"]
[SourceQuality "1"]
[TimeControl "40/5400+30:1800+30"]

1. e4 c5 2. Nf3 d6 3. d4 cxd4 4. Nxd4 Nf6 5. Nc3 a6 6. f4 e5 7. fxe5 dxe5 8. Nf3 Qxd1+ 9. Kxd1 Nc6 10. Bc4 Bb4 11. Re1 O-O 12. h3 Rd8+ 13. Bd2 Rd6 14. Ng5 Rd7 15. a3 Bxc3 16. bxc3 h6 17. Nf3 b5 18. Bb3 Bb7 19. Re2 Na5 20. Bxf7+ Rxf7 21. Nxe5 Re7 22. Ng6 Rxe4 23. Ne7+ Kf7 24. Rxe4 Bxe4 0-1

[Event "Czech Youth U12 Boys 2024"]
[Site "Kouty nad Desnou"]
[Date "2024.03.09"]
[Round "1.9"]
[White "Krivka, Lukas"]
[Black "Dlouhy, Martin"]
[Result "0-1"]
[ECO "D10"]
[WhiteElo "1567"]
[BlackElo "1965"]
[Annotator "RC"]
[PlyCount "86"]
[EventDate "2024.03.10"]
[EventType "swiss"]
[EventRounds "9"]
[EventCountry "CZE"]
[SourceTitle "playchess.com"]
[Source "ChessBase"]
[SourceQuality "1"]
[TimeControl "40/5400+30:1800+30"]

1. d4 d5 2. c4 c6 3. cxd5 cxd5 4. Nc3 Nc6 5. Nf3 Bf5 6. a3 e6 7. Bf4 a6 8. e3 Qb6 9. Na4 Qa5+ 10. Nc3 Qb6 11. Na4 Qa5+ 12. b4 Bxb4+ 13. axb4 Nxb4 14. Qd2 Nc2+ 15. Kd1 Qxd2+ 16. Kxd2 Nxa1 17. Nb6 Rd8 18. Bxa6 Nb3+ 19. Kc3 bxa6 20. Kxb3 Ke7 21. Bc7 Re8 22. Ne5 f6 23. Nc6+ Kf7 24. Nb4 Ne7 25. Nxa6 Nc8 26. Na4 Re7 27. Rc1 Bd3 28. N4c5 Bxa6 29. Nxa6 Na7 30. Bd6 Rb7+ 31. Nb4 Rc8 32. Bc5 Nc6 33. Rc3 Nxb4 34. Bxb4 Rxc3+ 35. Kxc3 Kg6 36. f3 Kf5 37. h4 h5 38. g3 g5 39. Bd6 g4 40. f4 Ke4 41. f5 exf5 42. Bf4 Rb1 43. Kd2 Rf1 0-1

[Event "Czech Youth U12 Boys 2024"]
[Site "Kouty nad Desnou"]
[Date "2024.03.10"]
[Round "2.1"]
[White "Kala, Jakub"]
[Black "Velim, Vojtech"]
[Result "0-1"]
[ECO "A17"]
[WhiteElo "1750"]
[BlackElo "1889"]
[Annotator "NA RC"]
[PlyCount "78"]
[EventDate "2024.03.10"]
[EventType "swiss"]
[EventCountry "CZE"]
[SourceTitle "playchess.com"]
[Source "ChessBase"]
[SourceQuality "1"]
[TimeControl "40/5400+30:1800+30"]

1. c4 Nf6 2. Nc3 e6 3. g3 d5 4. d4 c6 5. cxd5 cxd5 6. Bg2 Nc6 7. Bf4 Qb6 8. e4 dxe4 9. d5 exd5 10. Nxd5 Nxd5 11. Qxd5 Bb4+ 12. Kf1 Be6 13. Qxe4 O-O 14. Ne2 Rfe8 15. Be3 Qa6 16. Qc2 Rac8 17. Kg1 Nd4 18. Nxd4 Rxc2 19. Nxc2 Bd6 20. Nd4 Be5 21. h3 Rd8 22. Bf1 Bc4 23. Bxc4 Qxc4 24. Nb3 Bxb2 25. Rb1 Qc2 26. Kg2 h6 27. Bxa7 Ra8 28. Be3 Rxa2 29. Nd2 Bc3 30. Rhc1 Qd3 31. Nf1 b5 32. Kg1 b4 33. Rb3 Ra3 34. Rcb1 Rxb3 35. Rxb3 Qc2 36. Rxc3 bxc3 37. Bd4 Qd3 38. Bxc3 Qxc3 39. Ne3 Qa1+ 0-1

[Event "Czech Youth U12 Boys 2024"]
[Site "Kouty nad Desnou"]
[Date "2024.03.10"]
[Round "2.2"]
[White "Fadrny, Jachym"]
[Black "Hladky, Mikulas"]
[Result "0-1"]
[ECO "C57"]
[WhiteElo "1729"]
[BlackElo "1798"]
[Annotator "NA RC"]
[PlyCount "48"]
[EventDate "2024.03.10"]
[EventType "swiss"]
[EventCountry "CZE"]
[SourceTitle "playchess.com"]
[Source "ChessBase"]
[SourceQuality "1"]
[TimeControl "40/5400+30:1800+30"]

1. e4 e5 2. Nf3 Nc6 3. Bc4 Nf6 4. Ng5 d5 5. exd5 b5 6. Bf1 Nd4 7. c3 Nxd5 8. cxd4 Qxg5 9. Bxb5+ Kd8 10. O-O Nf4 11. Qf3 Rb8 12. Bc6 Bg4 13. Qe4 f5 14. Qxe5 Bd6 15. Qe3 Bh3 16. Re1 Qg6 17. g3 Rb6 18. Qc3 Bb4 19. Qf3 Qxc6 20. Qxc6 Rxc6 21. gxf4 Re8 22. Rxe8+ Kxe8 23. Nc3 Rg6+ 24. Kh1 Re6 0-1

[Event "Czech Youth U12 Boys 2024"]
[Site "Kouty nad Desnou"]
[Date "2024.03.10"]
[Round "2.3"]
[White "Zvolanek, Vojtech"]
[Black "Kolar, Edvard"]
[Result "0-1"]
[ECO "B35"]
[WhiteElo "1411"]
[BlackElo "1759"]
[Annotator "NA RC"]
[PlyCount "58"]
[EventDate "2024.03.10"]
[EventType "swiss"]
[EventCountry "CZE"]
[SourceTitle "playchess.com"]
[Source "ChessBase"]
[SourceQuality "1"]
[TimeControl "40/5400+30:1800+30"]

1. e4 c5 2. Nf3 Nc6 3. d4 cxd4 4. Nxd4 g6 5. Nc3 Bg7 6. Be3 Nf6 7. Bc4 d6 8. f3 O-O 9. Bb3 Bd7 10. Qd2 Nxd4 11. Bxd4 a5 12. a3 b5 13. Nd5 Ra6 14. O-O-O Nxd5 15. Bxg7 Kxg7 16. Bxd5 e6 17. Ba2 Rc6 18. h4 Kg8 19. h5 Qc7 20. c3 b4 21. c4 bxa3 22. b3 a4 23. b4 Rc8 24. Qd4 e5 25. Qd3 Be6 26. Kd2 Bxc4 27. Bxc4 Rxc4 28. Qxa3 Qb6 29. Rc1 Qf2+ 0-1

[Event "Czech Youth U12 Boys 2024"]
[Site "Kouty nad Desnou"]
[Date "2024.03.10"]
[Round "2.4"]
[White "Policar, Martin"]
[Black "Artamonov, Mikhail"]
[Result "1-0"]
[ECO "D02"]
[WhiteElo "1758"]
[BlackElo "1727"]
[Annotator "NA RC"]
[PlyCount "131"]
[EventDate "2024.03.10"]
[EventType "swiss"]
[EventCountry "CZE"]
[SourceTitle "playchess.com"]
[Source "ChessBase"]
[SourceQuality "1"]
[TimeControl "40/5400+30:1800+30"]

1. d4 d5 2. Nf3 e6 3. c4 Bb4+ 4. Bd2 Bxd2+ 5. Qxd2 dxc4 6. Qb4 Nc6 7. Qxc4 Nf6 8. Nc3 O-O 9. g3 Re8 10. Bg2 Nd5 11. a3 Nb6 12. Qd3 e5 13. dxe5 Qxd3 14. exd3 Nxe5 15. Nxe5 Rxe5+ 16. Kd2 Rf5 17. f4 c6 18. Ne4 Kf8 19. Rhe1 Rd5 20. Ng5 Rd8 21. Nxh7+ Kg8 22. Ng5 Bf5 23. Be4 Bxe4 24. Rxe4 Rd7 25. Rae1 g6 26. Re8+ Rxe8 27. Rxe8+ Kg7 28. Nf3 Nc4+ 29. Kc3 Nd6 30. Re1 Nb5+ 31. Kc2 f6 32. a4 Nc7 33. d4 Kf7 34. b4 Ne6 35. Kc3 Nc7 36. Kc4 Nd5 37. a5 Nc7 38. Nd2 Nb5 39. Nb3 Na3+ 40. Kd3 Nb5 41. Re2 Rd8 42. Re3 Rd6 43. Re1 Rd8 44. Rc1 Rd6 45. Re1 Rd8 46. g4 Rh8 47. Nc5 Rh3+ 48. Re3 Rxh2 49. Nxb7 Rg2 50. Nd8+ Kf8 51. g5 fxg5 52. fxg5 Rg1 53. Nxc6 Rxg5 54. Re5 Rg3+ 55. Kc4 Na3+ 56. Kd5 Nb5 57. Kc5 Na3 58. Nxa7 Rc3+ 59. Kd5 Rc7 60. Nc6 Nb5 61. Kc5 Nc3 62. Kb6 Rd7 63. a6 Na4+ 64. Ka5 Nb2 65. Rc5 Nd3 66. a7 1-0

[Event "Czech Youth U12 Boys 2024"]
[Site "Kouty nad Desnou"]
[Date "2024.03.10"]
[Round "2.5"]
[White "Honcharov, Makar"]
[Black "Gresek, Oskar"]
[Result "1-0"]
[ECO "B01"]
[WhiteElo "1872"]
[BlackElo "1629"]
[Annotator "NA RC"]
[PlyCount "83"]
[EventDate "2024.03.10"]
[EventType "swiss"]
[EventCountry "CZE"]
[SourceTitle "playchess.com"]
[Source "ChessBase"]
[SourceQuality "1"]
[TimeControl "40/5400+30:1800+30"]

1. e4 d5 2. exd5 Nf6 3. Nf3 Nxd5 4. c4 Nf6 5. d4 Bg4 6. Be3 e6 7. Nc3 c6 8. Qd2 Nbd7 9. Be2 Be7 10. h3 Bf5 11. Rd1 Nb6 12. g4 Bg6 13. Ne5 Nfd7 14. Nxg6 hxg6 15. d5 exd5 16. cxd5 cxd5 17. Nxd5 O-O 18. Qc2 Re8 19. Nxb6 Bb4+ 20. Kf1 axb6 21. Bb5 Re7 22. Qd3 Qc7 23. a3 Bc5 24. Bg5 f6 25. Bxd7 fxg5 26. Qd5+ Kf8 27. Bb5 Rf7 28. Rd2 Be3 29. Re2 Bf4 30. Bc4 Qd7 31. Qxf7+ Qxf7 32. Bxf7 Kxf7 33. Kg2 Re8 34. Rhe1 Rxe2 35. Rxe2 Kf6 36. Re4 Be5 37. b3 Bd6 38. a4 Be5 39. Rb4 Bc7 40. Kf3 Ke5 41. Rb5+ Kf6 42. Ke4 1-0

[Event "Czech Youth U12 Boys 2024"]
[Site "Kouty nad Desnou"]
[Date "2024.03.10"]
[Round "2.6"]
[White "Sochor, Vaclav"]
[Black "Bara, Jan"]
[Result "1-0"]
[ECO "B22"]
[WhiteElo "1826"]
[BlackElo "1852"]
[Annotator "NA RC"]
[PlyCount "111"]
[EventDate "2024.03.10"]
[EventType "swiss"]
[EventCountry "CZE"]
[SourceTitle "playchess.com"]
[Source "ChessBase"]
[SourceQuality "1"]
[TimeControl "40/5400+30:1800+30"]

1. e4 c5 2. c3 d5 3. exd5 Qxd5 4. d4 Nc6 5. Nf3 Bg4 6. Be2 e6 7. O-O Rd8 8. Be3 Nf6 9. h3 Bh5 10. Nbd2 cxd4 11. cxd4 Bb4 12. Nb3 O-O 13. Rc1 Na5 14. Nxa5 Qxa5 15. Ne5 Bxe2 16. Qxe2 Nd5 17. a3 Be7 18. Rc2 Nxe3 19. fxe3 Bf6 20. Rc5 Qa4 21. Ng4 Be7 22. Rc7 Bd6 23. Rxb7 Rc8 24. Qf3 f5 25. Nf2 Rf6 26. Nd3 Qa6 27. Nf4 g5 28. Nxe6 Re8 29. Nc7 Bxc7 30. Rxc7 Qe6 31. Rc3 f4 32. Qg4 Qxg4 33. hxg4 Rd6 34. exf4 Rxd4 35. f5 Rxg4 36. Rc7 Re2 37. Rf2 Rxf2 38. Kxf2 Rf4+ 39. Ke3 a5 40. Rc5 a4 41. g3 Rf1 42. Ke2 Rb1 43. Rb5 Kf7 44. Kf3 Rd1 45. Kg4 h6 46. Rb7+ Kf6 47. Rb6+ Kg7 48. Rg6+ Kh7 49. Ra6 Rd2 50. Ra7+ Kg8 51. Kh5 Rxb2 52. Kg6 Rb6+ 53. f6 Rb8 54. Rg7+ Kh8 55. Rh7+ Kg8 56. f7+ 1-0

[Event "Czech Youth U12 Boys 2024"]
[Site "Kouty nad Desnou"]
[Date "2024.03.10"]
[Round "2.7"]
[White "Sotek, Matej"]
[Black "Frantsev, Iegor"]
[Result "1/2-1/2"]
[ECO "B12"]
[WhiteElo "1716"]
[BlackElo "1721"]
[Annotator "NA RC"]
[PlyCount "67"]
[EventDate "2024.03.10"]
[EventType "swiss"]
[EventCountry "CZE"]
[SourceTitle "playchess.com"]
[Source "ChessBase"]
[SourceQuality "1"]
[TimeControl "40/5400+30:1800+30"]

1. e4 c6 2. d4 d5 3. f3 g6 4. c3 e6 5. Bd3 Bg7 6. Ne2 Ne7 7. O-O O-O 8. Be3 b6 9. Na3 Ba6 10. Bxa6 Nxa6 11. Qd3 Nc7 12. Rad1 Qd7 13. Qd2 a5 14. Nc2 b5 15. Bh6 Na6 16. Ng3 b4 17. Bxg7 Kxg7 18. Qg5 Ng8 19. Qd2 Ne7 20. Ne3 f5 21. exf5 exf5 22. Nc2 Nc8 23. Rfe1 Nd6 24. Qg5 Kf7 25. Re2 Rae8 26. Rde1 Rxe2 27. Rxe2 Re8 28. cxb4 Rxe2 29. Nxe2 Nxb4 30. Nxb4 axb4 31. Qd2 Qe7 32. b3 Nb5 33. Kf2 Qh4+ 34. Kg1 1/2-1/2

[Event "Czech Youth U12 Boys 2024"]
[Site "Kouty nad Desnou"]
[Date "2024.03.10"]
[Round "2.8"]
[White "Zrust, Lukas"]
[Black "Malek, Daniel"]
[Result "1-0"]
[ECO "A21"]
[WhiteElo "1893"]
[BlackElo "2278"]
[Annotator "TA"]
[PlyCount "77"]
[EventDate "2024.03.10"]
[EventType "swiss"]
[EventCountry "CZE"]
[SourceTitle "playchess.com"]
[Source "ChessBase"]
[SourceQuality "1"]
[TimeControl "40/5400+30:1800+30"]

1. c4 e5 2. Nc3 d6 3. g3 Be6 4. Bg2 c6 5. d3 f5 6. e3 Nf6 7. Nge2 Be7 8. O-O O-O 9. b3 Qe8 10. d4 Qg6 11. d5 Bd7 {[%emt 0:06:37] Weiß steht etwas besser.} 12. dxc6 bxc6 13. Ba3 Nh5 (13... Qh6 $16) 14. Nb5 (14. Nd5 $18 Bd8 15. Qd2) 14... f4 $16 15. exf4 (15. Nxd6 $2 f3 16. Bh1 fxe2 17. Qxe2 Bxd6 $19 (17... Nxg3 18. fxg3 Bxd6 19. Rxf8+ Bxf8 20. Bxf8 $17)) (15. Bxd6 Bxd6 16. exf4 (16. Qxd6 Qxd6 17. Nxd6 f3 $17) (16. Nxd6 $2 f3 $19) 16... exf4 (16... cxb5 17. Bxa8 Kh8 18. Be4 $11) 17. Qxd6 (17. Nxd6 $2 f3 $19) 17... Qxd6 18. Nxd6 f3 $14) 15... exf4 {[%emt 0:00:32][%cal Be5f4,Bf4f3,Bf3g2][%mdl 32] [#] Weiss muss nun ...f3 beachten.} 16. Ned4 {[%emt 0:12:00] Droht Nc7 und aus.} (16. Bxd6 Bxd6 17. Qxd6 Qxd6 18. Nxd6 f3 $14) (16. Nxd6 f3 17. Bh1 fxe2 18. Qxe2 Bxd6 $17) 16... Bf6 $2 {[%emt 0:18:30] Verliert die Partie.} (16... a6 $16 {war nötig.}) 17. Nc7 $18 {[%emt 0:09:34][%cal Oa3d6] Bxd6! wäre nun fies.} (17. Bxd6 Bg4 $18) (17. Nxd6 $6 Bxd4 18. Qxd4 f3) 17... Bxd4 18. Qxd4 (18. Nxa8 $2 c5 (18... Bxa1 19. Qxd6 Qxd6 20. Bxd6 $15) 19. Bd5+ Kh8 $19) 18... f3 19. Nxa8 fxg2 20. Rfe1 (20. Kxg2 $2 c5 (20... Nf4+ 21. Kh1 $17) 21. Qd5+ Kh8 $19) 20... c5 (20... Na6 {kämpft weiter.} 21. Re7 (21. Qxd6 Qxd6 22. Bxd6 Rxa8 $16) (21. Qxa7 Bg4 $18) 21... Bg4 22. Qxd6 (22. Rxa7 Nxg3 23. hxg3 Qh6 $18) (22. Qxa7 Qf6 $11) 22... Qxd6 23. Bxd6 Rxa8 24. Kxg2 Rd8) 21. Qd5+ Kh8 22. Nc7 {[%emt 0:01:50] Weiß steht klar auf Gewinn.} (22. Kxg2 $2 {verliert.} Nf4+ 23. Kg1 Nxd5 $19) (22. Qxg2 $2 {zu gefräßig.} Bc6 23. f3 Bxa8 $19) 22... Bc6 23. Qe6 Qc2 24. Re2 (24. Qxd6 $2 Qxf2#) 24... Qc3 25. Bb2 Qf3 26. Qe3 Qf7 27. Nb5 Bxb5 28. cxb5 Nd7 29. Rd1 Nhf6 30. Bxf6 Nxf6 31. Qe7 g6 32. Qxf7 Rxf7 33. Rxd6 {[%emt 0:00:23][%mdl 4096] Endspiel. KRR-KRN} Kg7 34. Kxg2 Rb7 35. a4 Kf7 36. Rc6 Nd7 37. f4 Kf8 38. g4 Kf7 39. Kg3 {[%emt 0:00:06] Gewichteter Fehlerwert: Weiß=0.39/Schwarz=0.57.  Verlustzug:     	---       	Schwarz=1     Fehler:       	Weiß=1     	Schwarz=2     Ungenau:       	---       	Schwarz=3     OK:         	Weiß=10    	Schwarz=4     Bester:       	Weiß=1     	Schwarz=1} 1-0

[Event "Czech Youth U12 Boys 2024"]
[Site "Kouty nad Desnou"]
[Date "2024.03.10"]
[Round "2.9"]
[White "Sochor, Antonin"]
[Black "Novotny, Adam"]
[Result "1-0"]
[ECO "C18"]
[WhiteElo "1779"]
[BlackElo "2072"]
[Annotator "RC"]
[PlyCount "47"]
[EventDate "2024.03.10"]
[EventType "swiss"]
[EventCountry "CZE"]
[SourceTitle "playchess.com"]
[Source "ChessBase"]
[SourceQuality "1"]
[TimeControl "40/5400+30:1800+30"]

1. d4 d5 2. Nc3 e6 3. e4 Bb4 4. e5 c5 5. a3 Bxc3+ 6. bxc3 cxd4 7. cxd4 Nc6 8. Nf3 Nge7 9. Bd3 Qc7 10. O-O Ng6 11. Be3 O-O 12. h4 h6 13. Qd2 Qe7 14. g3 h5 15. Ng5 Bd7 16. Qe2 Rfc8 17. Qxh5 Kf8 18. Bxg6 Ke8 19. Nxf7 Qf8 20. Rab1 Ne7 21. Nd6+ Kd8 22. Bg5 Rc6 23. Bxe7+ Kxe7 24. Qg5+ 1-0

[Event "Czech Youth U12 Boys 2024"]
[Site "Kouty nad Desnou"]
[Date "2024.03.10"]
[Round "2.10"]
[White "Sudrich, Radek"]
[Black "Krisica, Lukas"]
[Result "0-1"]
[ECO "B43"]
[WhiteElo "1998"]
[BlackElo "1531"]
[Annotator "RC"]
[PlyCount "66"]
[EventDate "2024.03.10"]
[EventType "swiss"]
[EventCountry "CZE"]
[SourceTitle "playchess.com"]
[Source "ChessBase"]
[SourceQuality "1"]
[TimeControl "40/5400+30:1800+30"]

1. e4 c5 2. Nf3 e6 3. d4 cxd4 4. Nxd4 a6 5. Nc3 b5 6. Be3 Bb7 7. Be2 d6 8. O-O Nd7 9. f3 Ngf6 10. a3 Be7 11. Qd2 O-O 12. Rad1 Rc8 13. Nb3 Qc7 14. Bf4 Ne5 15. Bg5 Rfd8 16. Bxf6 Bxf6 17. Rc1 Nc4 18. Bxc4 bxc4 19. Na1 Qc5+ 20. Kh1 d5 21. exd5 Bxd5 22. Na4 Qc6 23. Qa5 Rb8 24. b3 Bg5 25. bxc4 Bxc1 26. Rxc1 Qxc4 27. Nb3 h6 28. Nac5 Rdc8 29. a4 Rxb3 30. Nxb3 Qxb3 31. Qxa6 Rxc2 32. Rxc2 Qb1+ 33. Rc1 Qxc1+ 0-1

[Event "Czech Youth U12 Boys 2024"]
[Site "Kouty nad Desnou"]
[Date "2024.03.10"]
[Round "2.11"]
[White "Kroulik, Stepan"]
[Black "Broz, Pavel"]
[Result "1-0"]
[ECO "C54"]
[WhiteElo "1683"]
[BlackElo "1911"]
[Annotator "RC"]
[PlyCount "41"]
[EventDate "2024.03.10"]
[EventType "swiss"]
[EventCountry "CZE"]
[SourceTitle "playchess.com"]
[Source "ChessBase"]
[SourceQuality "1"]
[TimeControl "40/5400+30:1800+30"]

1. e4 e5 2. Nf3 Nc6 3. Bc4 Bc5 4. c3 Nf6 5. d4 exd4 6. cxd4 Bb4+ 7. Bd2 Bxd2+ 8. Nbxd2 d6 9. O-O O-O 10. Re1 Bg4 11. h3 Bh5 12. Qc2 d5 13. exd5 Nxd5 14. Rac1 Bg6 15. Qb3 Ndb4 16. a3 Na6 17. Bxa6 bxa6 18. Rxc6 Rb8 19. Qc3 Rb7 20. Ne5 Qb8 21. Nd7 1-0

[Event "Czech Youth U12 Boys 2024"]
[Site "Kouty nad Desnou"]
[Date "2024.03.10"]
[Round "2.12"]
[White "Havlik, David"]
[Black "Hanzel, Martin"]
[Result "1-0"]
[ECO "C45"]
[WhiteElo "1580"]
[BlackElo "1474"]
[Annotator "NA RC"]
[PlyCount "49"]
[EventDate "2024.03.10"]
[EventType "swiss"]
[EventCountry "CZE"]
[SourceTitle "playchess.com"]
[Source "ChessBase"]
[SourceQuality "1"]
[TimeControl "40/5400+30:1800+30"]

1. e4 e5 2. Nf3 Nc6 3. d4 exd4 4. Nxd4 Nf6 5. Nxc6 bxc6 6. e5 Qe7 7. Qe2 Nd5 8. c4 Ba6 9. b3 Nb6 10. g3 g6 11. Bg2 Bg7 12. f4 O-O 13. Ba3 d6 14. Bxc6 Rab8 15. Nd2 Bb7 16. Bxb7 Rxb7 17. O-O Re8 18. Qg2 Rbb8 19. Rae1 c5 20. Ne4 dxe5 21. Bxc5 Qe6 22. Bd6 Rbd8 23. fxe5 Bxe5 24. Bxe5 Qxe5 25. Nf6+ 1-0

[Event "Czech Youth U12 Boys 2024"]
[Site "Kouty nad Desnou"]
[Date "2024.03.11"]
[Round "3.1"]
[White "Velim, Vojtech"]
[Black "Kolar, Edvard"]
[Result "1-0"]
[ECO "A04"]
[WhiteElo "1889"]
[BlackElo "1759"]
[Annotator "NA RC"]
[PlyCount "39"]
[EventDate "2024.03.10"]
[EventType "swiss"]
[EventCountry "CZE"]
[SourceTitle "playchess.com"]
[Source "ChessBase"]
[SourceQuality "1"]
[TimeControl "40/5400+30:1800+30"]

1. Nf3 c5 2. c4 d6 3. Nc3 e5 4. e3 Nc6 5. d4 cxd4 6. exd4 exd4 7. Nxd4 Nf6 8. Be2 g6 (8... Be7 $14) 9. Bg5 (9. Nxc6 $18 bxc6 10. Bf3) 9... Bg7 10. Ndb5 O-O 11. Nxd6 ({White should play} 11. O-O $16) 11... Qb6 (11... Qa5 $14 {deserves consideration.} 12. Bd2 Qb6) 12. Ndb5 ({Better is} 12. O-O $16) 12... a6 13. Bxf6 Bxf6 14. Nd5 $1 Qa5+ 15. b4 Nxb4 $2 (15... Qd8 $11 {and Black is okay.} 16. Nbc7 Nxb4 17. Nxf6+ (17. Nxa8 Nxd5 18. cxd5 Qa5+ 19. Kf1 Bxa1 $17) 17... Qxf6) 16. Nxf6+ Kg7 {[%emt 0:00:59] [#]} 17. Kf1 $14 Kxf6 18. Qd4+ Kf5 19. g4+ Kg5 20. h4+ 1-0